 Dungeon Crawl Stone Soup version 0.31.0-9-g3a7656b989 (webtiles) character file.

Game seed: 14969630881817438259

1980 qw the Skirmisher (level 9, -6/44 HPs)
             Began as a Spriggan Hunter on Feb 2, 2024.
             Mangled by a killer bee (7 damage)
             ... on level 7 of the Dungeon.
             The game lasted 00:00:26 (4393 turns).

qw the Skirmisher (Spriggan Hunter)                 Turns: 4393, Time: 00:00:26

Health: -6/44      AC:  4    Str:  7    XL:     9   Next: 1%
Magic:  10/10      EV: 25    Int: 10    God:
Gold:   235        SH:  0    Dex: 23    Spells: 8/8 levels left

rFire   . . .        a - +3 shortbow (heavy)
rCold   . . .        (shield currently unavailable)
rNeg    . . .        c - +0 robe
rPois   .            (helmet restricted)
rElec   .            d - +1 cloak
rCorr   .            (gloves unavailable)
SInv    +            (boots unavailable)
Will    +....        g - amulet of faith
Stlth   ++           (no ring)
HPRegen 0.27/turn    (no ring)
MPRegen 0.12/turn

%: faith
@: lethally poisoned (-6 -> -8), about to teleport, very quick
A: very small, no large weapons, unfitting armour, see invisible, speed 3
a: no special abilities


You were on level 7 of the Dungeon.
You visited 2 branches of the dungeon, and saw 8 of its levels.

You collected 382 gold pieces.
You spent 147 gold pieces at shops.


Innate Abilities, Weirdness & Mutations

You are very small and have problems with some larger weapons.
You are too small for most types of armour.
You have supernaturally acute eyesight. (SInv)
You cover ground extremely quickly. (Speed+++)


   Skills:
 - Level 3.0 Fighting
 - Level 10.0 Ranged Weapons
 + Level 9.1 Dodging
 - Level 1.5 Stealth


You had 8 spell levels left.
You didn't know any spells.
Your spell library was empty.

Inventory:

Hand Weapons
 a - a +3 heavy shortbow (weapon)
Armour
 c - a +0 robe (worn)
 d - a +1 cloak (worn)
Jewellery
 g - an amulet of faith (around neck)
 i - an amulet of reflection
 l - a ring of ice
Wands
 o - a wand of flame (6)
 p - a wand of charming (7)
Scrolls
 f - 2 scrolls of teleportation
 q - a scroll of brand weapon
 s - a scroll of amnesia {unknown}
Potions
 b - 3 potions of curing
 e - a potion of mutation
 h - a potion of might
 j - a potion of ambrosia {unknown}
 k - 2 potions of enlightenment
 m - a potion of heal wounds {unknown}
 n - a potion of degeneration {unknown}
 r - a potion of lignification {unknown}

Dungeon Overview and Level Annotations

Branches:
Dungeon (7/15)             Temple (1/1) D:6

Altars:
Ashenzari
Fedhas
Kikubaaqudgha
Makhleb
Sif Muna
Xom
Yredelemnul
The Shining One

Shops:
D:4 *

Annotations:
D:6 3 runed translucent doors, qw's ghost, novice SpHu


Message History

You shoot an arrow. The arrow hits the killer bee!
You kill the killer bee!
The killer bee barely misses you. The killer bee misses you.
The killer bee barely misses you. The killer bee misses you.
The killer bee stings you.
You are poisoned.
The killer bee poisons you!
You have reached level 9!
Your experience leads to an increase in your attributes!
Increase (S)trength, (I)ntelligence, or (D)exterity?
You feel agile. x2
You shoot an arrow. The arrow hits the killer bee.
The killer bee is moderately wounded.
You feel very sick. The killer bee stings you.
The killer bee completely misses you. The killer bee barely misses you.
The killer bee misses you. The killer bee completely misses you.
The killer bee closely misses you.
You shoot an arrow.
The arrow closely misses the killer bee.
The arrow misses the killer bee.
You feel sick. The killer bee barely misses you. The killer bee misses you.
The killer bee closely misses you. The killer bee misses you.
The killer bee stings you! The killer bee completely misses you.
4391 ||| READING 3 scrolls of teleportation.
As you read the scroll of teleportation, it crumbles to dust.
You feel strangely unstable.
You feel sick. The killer bee misses you. The killer bee closely misses you.
The killer bee misses you. The killer bee completely misses you.
You shoot an arrow.
The arrow completely misses the killer bee.
The arrow closely misses the killer bee.
You feel sick. The killer bee misses you. x2
The killer bee completely misses you. The killer bee misses you.
You shoot an arrow. The arrow misses the killer bee.
The arrow hits the killer bee.
The killer bee is heavily wounded.
You feel sick. The killer bee closely misses you.
The killer bee completely misses you. x2; The killer bee closely misses you.
The killer bee misses you. The killer bee stings you!
You die...

#.............................#
.........#..................##
................#.........#
.........#.##.##.......###
.....#..........##(#
...(..#.......#### .
....##.<...## ..## #........##
.... ##@#......#
##..##yy#....### #......y....##
##.....###...# #.......##....#
.........##...##
#.........##.## #..##.....####
..# ####.##


You could see 3 killer bees.

Vanquished Creatures
  Jeremiah (D:7)
  A water moccasin (D:7)
  2 ice beasts (D:6)
  An orc warrior (D:7)
  Pargi (D:3)
  2 black bears (D:6)
  An ogre (D:6)
  A kobold brigand (D:6)
  A bullfrog (D:5)
  2 scorpions
  3 killer bees (D:7)
  4 orc priests
  A jelly (D:6)
  A bombardier beetle (D:3)
  A sleepcap (D:6)
  5 orc wizards
  13 adders
  A shadow imp (D:7)
  2 white imps
  2 ufetubi (D:5)
  A ribbon worm (D:3)
  4 dart slugs
  25 orcs
  5 bats
  5 endoplasms
  5 giant cockroaches
  5 goblins
  5 hobgoblins
  4 quokkas
  11 ball pythons
  3 frilled lizards
  9 kobolds
  4 rats
132 creatures vanquished.

Notes
Turn   | Place    | Note
-------+----------+-------------------------------------------
     0 | D:1      | qw the Spriggan Hunter began the quest for the Orb.
     0 | D:1      | Reached XP level 1. HP: 10/10 MP: 2/2
     0 | D:1      | 0 ||| qw: Version: 0.3-a-155-g5e7d8dd
     0 | D:1      | 0 ||| qw: Game counter: 2444
     0 | D:1      | 0 ||| qw: Melee chars always use a shield: true
     0 | D:1      | 0 ||| qw: God list: Okawaru
     0 | D:1      | 0 ||| qw: Allow faded altars: false
     0 | D:1      | 0 ||| qw: Do Orc after clearing Dungeon:15 true
     0 | D:1      | 0 ||| qw: Do second Lair branch before Depths: true
     0 | D:1      | 0 ||| qw: Lair rune preference: random
     0 | D:1      | 0 ||| qw: Goals: Normal
     0 | D:1      | 0 ||| PLANNING D:1-11
    55 | D:1      | 55 ||| UPGRADING to +0 cloak.
    61 | D:1      | 61 ||| DROPPING scroll of butterflies.
    77 | D:1      | Reached skill level 3 in Dodging
   169 | D:1      | Reached XP level 2. HP: 14/14 MP: 3/3
   385 | D:1      | 385 ||| READING scroll labelled YBOTET INICYUN.
   385 | D:1      | 385 ||| IDENTIFYING lumpy ruby potion
   499 | D:2      | Reached XP level 3. HP: 18/18 MP: 4/4
   550 | D:2      | Found a faded altar of an unknown god.
   960 | D:2      | 960 ||| FLEEEEING.
   961 | D:2      | 961 ||| FLEEEEING.
  1062 | D:2      | 1062 ||| UPGRADING to amulet of reflection.
  1067 | D:2      | 1067 ||| READING scroll labelled HERPHE IQACA.
  1068 | D:2      | 1068 ||| READING 2 scrolls labelled DISI WESTEAGEE.
  1068 | D:2      | 1068 ||| BRANDING +0 shortbow.
  1069 | D:2      | 1069 ||| READING scroll of brand weapon.
  1069 | D:2      | 1069 ||| BRANDING +0 shortbow of electrocution.
  1070 | D:2      | 1070 ||| READING scroll labelled HIGUEPS CASAEP.
  1071 | D:2      | 1071 ||| READING scroll labelled ROWNOL QOBA.
  1072 | D:2      | 1072 ||| READING scroll labelled PUQOOMP SEMME.
  1075 | D:2      | 1075 ||| DRINKING 3 black potions.
  1102 | D:3      | Reached skill level 5 in Ranged Weapons
  1127 | D:3      | Reached XP level 4. HP: 22/22 MP: 5/5
  1165 | D:3      | Noticed Pargi
  1166 | D:3      | 1166 ||| DRINKING 2 potions of haste.
  1176 | D:3      | Killed Pargi
  1177 | D:3      | Reached skill level 3 in Fighting
  1177 | D:3      | Reached XP level 5. HP: 20/28 MP: 6/6
  1490 | D:3      | 1490 ||| FLEEEEING.
  1491 | D:3      | 1491 ||| FLEEEEING.
  1492 | D:3      | 1492 ||| FLEEEEING.
  1493 | D:3      | 1493 ||| FLEEEEING.
  1494 | D:3      | 1494 ||| FLEEEEING.
  1495 | D:3      | 1495 ||| FLEEEEING.
  1505 | D:3      | Reached XP level 6. HP: 25/32 MP: 7/7
  1668 | D:3      | 1668 ||| DROPPING amulet of regeneration.
  1669 | D:3      | 1669 ||| READING scroll of identify.
  1669 | D:3      | 1669 ||| IDENTIFYING fuming grey potion
  1670 | D:3      | 1670 ||| READING scroll labelled ANIECO GIZXU.
  1671 | D:3      | 1671 ||| READING 3 scrolls labelled SAOSAU BYXZU.
  1671 | D:3      | 1671 ||| ENCHANTING +0 heavy shortbow.
  1672 | D:3      | 1672 ||| READING 2 scrolls of enchant weapon.
  1672 | D:3      | 1672 ||| ENCHANTING +1 heavy shortbow.
  1673 | D:3      | 1673 ||| READING scroll of enchant weapon.
  1673 | D:3      | 1673 ||| ENCHANTING +2 heavy shortbow.
  1674 | D:3      | 1674 ||| DRINKING 2 brown potions.
  1675 | D:3      | 1675 ||| DROPPING potion of brilliance.
  1676 | D:3      | 1676 ||| DROPPING potion of attraction.
  1753 | D:4      | Reached skill level 6 in Ranged Weapons
  1854 | D:4      | You fall into a shaft and drop 3 floors!
  1855 | D:7      | 1855 ||| UPGRADING to amulet of faith.
  1865 | D:7      | 1865 ||| READING scroll labelled DAOR PAIQON.
  1966 | D:7      | 1966 ||| DRINKING 2 smoky sapphire potions.
  1987 | D:6      | Reached skill level 6 in Dodging
  1988 | D:6      | Noticed an ice beast
  1989 | D:6      | 1989 ||| DRINKING potion of haste.
  1994 | D:6      | Killed an ice beast
  1995 | D:6      | Reached XP level 7. HP: 36/36 MP: 8/8
  2003 | D:6      | 2003 ||| RETREEEEATING.
  2004 | D:6      | 2004 ||| RETREEEEATING.
  2004 | D:6      | Found a runed translucent gate.
  2005 | D:6      | 2005 ||| RETREEEEATING.
  2005 | D:6      | Found a runed translucent gate.
  2006 | D:6      | 2006 ||| RETREEEEATING.
  2006 | D:6      | Found a runed translucent gate.
  2007 | D:6      | 2007 ||| RETREEEEATING.
  2008 | D:6      | 2008 ||| RETREEEEATING.
  2009 | D:6      | 2009 ||| RETREEEEATING.
  2010 | D:6      | 2010 ||| RETREEEEATING.
  2016 | D:6      | Reached skill level 7 in Ranged Weapons
  2135 | D:6      | Found a staircase to the Ecumenical Temple.
  2136 | D:6      | 2136 ||| PLANNING TEMPLE
  2145 | Temple   | Entered the Ecumenical Temple
  2146 | Temple   | 2146 ||| PLANNING D:1-11
  2168 | D:5      | Entered Level 5 of the Dungeon
  2475 | D:5      | Reached skill level 8 in Ranged Weapons
  2496 | D:5      | Reached XP level 8. HP: 40/40 MP: 9/9
  2512 | D:5      | 2512 ||| READING scroll labelled ACOFFA JOSUS.
  2590 | D:4      | Found a broken altar of Ashenzari.
  2792 | D:4      | Found Kagam's Assorted Antiques.
  2798 | D:4      | 2798 ||| BUYING lumpy pink potion (27 gold).
  2798 | D:4      | Bought a lumpy pink potion for 27 gold pieces
  2798 | D:4      | 2798 ||| BUYING purple potion (27 gold).
  2798 | D:4      | Bought a purple potion for 27 gold pieces
  2798 | D:4      | 2798 ||| SHOPLISTING scroll of brand weapon (294 gold, have
                  | 229).
  2798 | D:4      | 2798 ||| BUYING scroll of teleportation (93 gold).
  2798 | D:4      | Bought a scroll of teleportation for 93 gold pieces
  3201 | D:5      | 3201 ||| READING 2 scrolls of identify.
  3201 | D:5      | 3201 ||| IDENTIFYING red potion
  3202 | D:5      | 3202 ||| READING scroll of identify.
  3202 | D:5      | 3202 ||| IDENTIFYING amethyst potion
  3203 | D:5      | 3203 ||| READING scroll labelled LUXZAR PEWNE.
  3651 | D:6      | Noticed qw's ghost (novice SpHu)
  3843 | D:6      | 3843 ||| READING scroll labelled NIUZXO DEKEC.
  3843 | D:6      | 3843 ||| ENCHANTING +0 cloak.
  3873 | D:7      | Noticed Jeremiah
  3875 | D:7      | 3875 ||| FLEEEEING.
  3876 | D:7      | 3876 ||| FLEEEEING.
  3877 | D:7      | 3877 ||| FLEEEEING.
  3881 | D:7      | 3881 ||| FLEEEEING.
  3882 | D:7      | 3882 ||| FLEEEEING.
  3883 | D:7      | 3883 ||| FLEEEEING.
  3884 | D:7      | 3884 ||| FLEEEEING.
  3886 | D:7      | 3886 ||| FLEEEEING.
  3887 | D:7      | 3887 ||| FLEEEEING.
  3888 | D:7      | 3888 ||| FLEEEEING.
  3890 | D:7      | 3890 ||| FLEEEEING.
  3891 | D:7      | 3891 ||| FLEEEEING.
  3895 | D:7      | 3895 ||| FLEEEEING.
  3896 | D:7      | 3896 ||| STAIRDANCE
  3973 | D:7      | 3973 ||| FLEEEEING.
  3974 | D:7      | 3974 ||| STAIRDANCE
  4037 | D:7      | 4037 ||| STAIRDANCE
  4129 | D:7      | 4129 ||| STAIRDANCE
  4192 | D:7      | Killed Jeremiah
  4193 | D:7      | Reached skill level 9 in Ranged Weapons
  4235 | D:7      | Found a basalt altar of Yredelemnul.
  4263 | D:7      | Reached skill level 9 in Dodging
  4379 | D:7      | Reached skill level 10 in Ranged Weapons
  4381 | D:7      | 4381 ||| RETREEEEATING.
  4382 | D:7      | 4382 ||| RETREEEEATING.
  4389 | D:7      | Reached XP level 9. HP: 20/44 MP: 10/10
  4390 | D:7      | HP: 11/44 [poisoned by a killer bee]
  4390 | D:7      | HP: 4/44 [killer bee (7)]
  4391 | D:7      | 4391 ||| READING 3 scrolls of teleportation.
  4392 | D:7      | HP: 1/44 [poisoned by a killer bee]
  4393 | D:7      | Mangled by a killer bee

Levels and vault maps discovered:
D:1:      zelgadis_glass_arrival_large, layout_rooms, chequers_garden
D:2:      wad_crossroads, layout_basic, ebering_ecumenical_altar_mist,
          roderic_serpentine_path
D:3:      layout_loops_ring, st_stairs_2, minivault_23,
          kennysheep_generic_room_3, uniq_pargi
D:4:      layout_cave_pools, evilmike_ruin_ashenzari, serial_shops,
          nicolae_shop_peninsula
D:5:      layout_basic, guppyfry_early_lair_pool
D:6:      black_bear_nest_1, layout_basic, minmay_temple_entry_mist,
          gammafunk_ghost_icy, amcnicky_mini_rare_corridor_liquid,
          minmay_liquid_box
D:7:      layout_cave_pools, nicolae_overflow_hallway_of_the_gods,
          mainiacjoe_overflow_tiny_flanked, uniq_jeremiah
Temple:   nicolae_temple_superstar

Skill      XL: |  1  2  3  4  5  6  7  8 |
---------------+-------------------------+-----
Dodging        | 3 4 5 6 7 9 |  9.1
Ranged Weapons | 5 6 8 10 | 10.0
Fighting       | 3 |  3.0
Stealth        | |  1.5

Action                     |  1- 3 |  4- 6 |  7- 9 || total
---------------------------+-------+-------+-------++-------
   Fire: Shortbow          |    85 |    86 |   151 ||   322
    Use: Scroll            |     7 |     6 |     6 ||    19
         Potion            |     1 |     4 |       ||     5
 Armour: Robe              |     5 |     4 |    20 ||    29
  Dodge: Dodged            |    22 |    26 |   113 ||   161
  Block: Other             |       |     2 |       ||     2

Table legend:
 A = Non-vault XP
 B = Vault XP
 C = Vault XP percentage of total XP
 D = Non-vault monster count
 E = Vault monster count
 F = Vault count percentage of total count
                 A         B        C        D         E       F
            +---------+---------+-------+---------+---------+-------
      Total |    2132 |     697 |  24.6 |     119 |      13 |   9.8
            +---------+---------+-------+---------+---------+-------
        D:1 |      33 |       0 |   0.0 |      18 |       0 |   0.0
        D:2 |      17 |      30 |  63.8 |      10 |       4 |  28.6
        D:3 |     205 |     139 |  40.4 |      24 |       4 |  14.3
        D:4 |     211 |       0 |   0.0 |      20 |       0 |   0.0
        D:5 |     183 |      39 |  17.6 |      13 |       3 |  18.8
        D:6 |     902 |     124 |  12.1 |      19 |       1 |   5.0
        D:7 |     581 |     365 |  38.6 |      15 |       1 |   6.2
            +---------+---------+-------+---------+---------+-------
